 Dungeon Crawl Stone Soup version 0.28.0 (webtiles) character file.

Game seed: 7780945856984880358

4589 PoweredByGinger the Cleaver (level 10, -26/71 HPs)
             Began as a Demonspawn Gladiator on Feb 7, 2022.
             Was a Follower of Trog.
             Annihilated by a boulder beetle (35 damage)
             ... on level 10 of the Dungeon.
             The game lasted 00:13:25 (9647 turns).

PoweredByGinger the Cleaver (Demonspawn Gladiator)  Turns: 9647, Time: 00:13:26

Health: -26/71     AC: 11    Str: 21    XL:     10   Next: 18%
Magic:  0/10       EV: 15    Int:  9    God:    Trog [*.....]
Gold:   473        SH:  4    Dex: 17    Spells: 9/9 levels left

rFire   . . .      SeeInvis .   a - +0 broad axe
rCold   + . .      Faith    .   (no shield)
rNeg    . . .      Spirit   +   g - +0 scale mail
rPois   .          Reflect  .   c - +0 helmet
rElec   .          Harm     .   (no cloak)
rCorr   .          Rampage  .   (no gloves)
Will    +....                   (no boots)
Stlth   ..........              r - amulet of guardian spirit
HPRegen 0.21/turn               q - +4 ring of evasion
MPRegen 0.12/turn               p - ring of protection from cold

@: on berserk cooldown, slowed, very slow
A: molten scales 2, icemail 1, spiny 1, condensation shield, weakness stinger 1,
agile 1, deformed body, strong-willed 1, strong 1, wild magic 1
a: Renounce Religion, Berserk


You were on level 10 of the Dungeon.
You worshipped Trog.
Trog was aware of your devotion.
You visited 3 branches of the dungeon, and saw 13 of its levels.

You collected 473 gold pieces.

Inventory:

Hand Weapons
 a - a +0 broad axe (weapon)
 D - a +0 battleaxe
 F - a +0 longbow
Missiles
 d - 2 throwing nets (quivered)
 i - 164 arrows
 A - 21 poisoned darts
Armour
 c - a +0 helmet (worn)
 g - a +0 scale mail (worn)
Jewellery
 p - a ring of protection from cold (right hand)
 q - a +4 ring of evasion (left hand)
 r - an amulet of guardian spirit (around neck)
 v - an amulet of magic regeneration
 y - a ring of wizardry
 B - a ring of positive energy
Wands
 o - a wand of acid (13)
 w - a wand of paralysis (22)
Scrolls
 b - a scroll of fear {unknown}
 h - a scroll of immolation
 j - a scroll of summoning
 k - a scroll of fog
 l - 2 scrolls of magic mapping
 m - a scroll of enchant weapon
 s - a scroll of teleportation {unknown}
 C - a scroll of vulnerability
Potions
 e - 6 potions of curing
 f - a potion of brilliance
 t - 5 potions of flight
 u - a potion of might
 z - a potion of heal wounds


   Skills:
 * Level 3.9 Fighting
 + Level 13.5 Axes
 - Level 1.7 Throwing
 - Level 2.6 Dodging


You had 9 spell levels left.
You didn't know any spells.
Your spell library contained the following spells:

 Spells                   Type           Power      Damage    Failure   Level
 Sting                    Tmut/Pois      0%         1d3       82%         1
 Poisonous Vapours        Pois/Air       0%         N/A       91%         2
 Summon Guardian Golem    Hex/Summ       0%         N/A       99%         3
 Olgreb's Toxic Radiance  Pois           0%         N/A       100%        4
 Orb of Destruction       Conj           0%         9d5       100%        7
 Spellforged Servitor     Conj/Summ      0%         N/A       100%        7


Dungeon Overview and Level Annotations

Branches:
Dungeon (11/15)            Temple (1/1) D:7            Lair (1/6) D:8
    Orc: D:9-12

Altars:
Ashenzari
Cheibriados
Dithmenos
Elyvilon
Fedhas
Gozag
Hepliaklqana
Kikubaaqudgha
Makhleb
Nemelex Xobeh
Okawaru
Qazlal
Ru
Sif Muna
Trog
Uskayaw
Vehumet
Wu Jian
Xom
Yredelemnul
Zin
The Shining One

Annotations:
D:8 exclusion: downstairs


Innate Abilities, Weirdness & Mutations

You are mostly covered in molten scales. (AC +3)
A meltable icy envelope protects you from harm. (AC +4)
You are partially covered in sharp spines.
A meltable shield of frost defends you. (SH +4)
You have a small tail.
You are agile. (Dex +2)
Armour fits poorly on your strangely shaped body.
You are strong-willed. (Will+)
Your muscles are strong. (Str +2)
Your spells are a little harder to cast, but a little more powerful.


Message History

The boulder beetle bites you but does no damage.
The kobold hits you but does no damage.
You hit the kobold.
You kill the kobold!
Trog accepts your kill.
You hit the boulder beetle. You block the boulder beetle's attack.
You slash the boulder beetle!
Your tail-slap misses the boulder beetle.
The boulder beetle is lightly wounded.
The boulder beetle is struck by your spines.
The boulder beetle closely misses you.
You hit the boulder beetle but do no damage.
The boulder beetle is moderately wounded.
The boulder beetle completely misses you.
A red film seems to cover your vision as you go berserk!
You feel yourself moving faster!
You feel mighty!
The boulder beetle is struck by your spines.
The boulder beetle bites you!
You slice the boulder beetle!!
The boulder beetle is heavily wounded.
The boulder beetle bites you!!
* * * LOW HITPOINT WARNING * * *
You slash the boulder beetle!
You tail-slap the boulder beetle, but do no damage.
The boulder beetle is severely wounded.
You hit the boulder beetle. You tail-slap the boulder beetle.
The boulder beetle is severely wounded.
The boulder beetle leaps!
You feel a strong urge to attack something.
The boulder beetle curls into a ball and begins rolling!
You feel your anger nearly subside.
You are no longer berserk.
You are exhausted.
You feel yourself slow down.
Okay, then.
The boulder beetle barely misses you.
The boulder beetle stops rolling and uncurls.
The boulder beetle barely misses you.
The boulder beetle curls into a ball and begins rolling!
The boulder beetle hits you!!!
You die...

#. .. #. .. # #.
#..#...# #.
...#..####+####.
#...............
##...............
##.......##.......
##@........##......
##.B........###.....
#..○....>....####...
#..○.....)...# ##..
###....[...### ##.
########.## ## #..#
# ##.## #..#


You could see a boulder beetle (rolling).

Vanquished Creatures
  A centaur warrior (D:9)
  A troll (D:9)
  A shadow (D:10)
  3 yaks (D:10)
  A steam dragon (D:9)
  A water moccasin (D:7)
  2 black bears
  A hornet zombie (D:8)
  A necrophage (D:6)
  4 ogres
  5 centaurs
  3 kobold brigands
  2 scorpions (D:5)
  3 bullfrogs
  6 killer bees
  2 water moccasin skeletons
  5 wights (D:7)
  2 hounds
  2 jellies (D:5)
  An orc priest (D:9)
  4 gnoll shamans
  2 iguanas
  3 orc wizards
  2 killer bee zombies
  18 gnolls
  A howler monkey skeleton (D:4)
  5 adders
  A shadow imp (D:6)
  2 white imps
  2 ufetubi
  3 worms
  4 dart slugs
  16 orcs
  4 bats
  7 endoplasms
  2 giant cockroaches (D:4)
  4 goblins
  11 hobgoblins
  5 quokkas
  12 ball pythons
  3 frilled lizards
  23 kobolds
  4 rats
185 creatures vanquished.

Vanquished Creatures (collateral kills)
  A kobold (D:10)
1 creature vanquished.

Vanquished Creatures (others)
  4 plants (D:7)
4 creatures vanquished.

Grand Total: 190 creatures vanquished

Notes
Turn   | Place    | Note
-------+----------+-------------------------------------------
     0 | D:1      | PoweredByGinger the Demonspawn Gladiator began the quest
                  | for the Orb.
     0 | D:1      | Reached XP level 1. HP: 16/16 MP: 1/1
   189 | D:1      | Reached skill level 3 in Axes
   281 | D:1      | Gained mutation: A meltable shield of frost defends you.
                  | (SH +4) [demonic ancestry]
   281 | D:1      | Reached XP level 2. HP: 22/22 MP: 2/2
   838 | D:2      | Reached skill level 4 in Axes
   838 | D:2      | Gained mutation: You are partially covered in sharp spines.
                  | [demonic ancestry]
   838 | D:2      | Reached XP level 3. HP: 22/27 MP: 3/3
  1562 | D:2      | Found a faded altar of an unknown god.
  1691 | D:3      | Reached XP level 4. HP: 33/33 MP: 4/4
  2294 | D:4      | Reached skill level 5 in Axes
  2294 | D:4      | Gained mutation: You have a small tail. [demonic ancestry]
  2294 | D:4      | Reached XP level 5. HP: 34/38 MP: 5/5
  2868 | D:4      | Reached skill level 6 in Axes
  2872 | D:4      | Gained mutation: A meltable icy envelope protects you from
                  | harm. (AC +4) [demonic ancestry]
  2872 | D:4      | Reached XP level 6. HP: 32/44 MP: 6/6
  3242 | D:5      | Entered Level 5 of the Dungeon
  3294 | D:5      | Reached skill level 7 in Axes
  3295 | D:5      | Gained mutation: You have hidden genetic potential. [potion
                  | of mutation]
  3295 | D:5      | Gained mutation: You are dopey. (Int -2) [potion of
                  | mutation]
  3295 | D:5      | Gained mutation: You are agile. (Dex +2) [potion of
                  | mutation]
  3297 | D:5      | HP: 2/44 [poisoned by a scorpion]
  3302 | D:5      | Reached XP level 7. HP: 13/50 MP: 7/7
  3712 | D:5      | Reached skill level 8 in Axes
  3864 | D:5      | Gained mutation: Your muscles are strong. (Str +2) [hidden
                  | potential]
  4252 | D:6      | Reached skill level 9 in Axes
  4252 | D:6      | Reached XP level 8. HP: 43/56 MP: 8/8
  4561 | D:6      | Found a sparkling altar of Nemelex Xobeh.
  4561 | D:6      | Found a hide-covered altar of Uskayaw.
  4562 | D:6      | Found an ancient bone altar of Kikubaaqudgha.
  4564 | D:6      | Found a shimmering blue altar of Sif Muna.
  4565 | D:6      | Found a burning altar of Makhleb.
  4625 | D:6      | Gained mutation: Your spells are a little harder to cast,
                  | but a little more powerful. [hidden potential]
  4625 | D:6      | Lost mutation: You have hidden genetic potential. [hidden
                  | potential expressed]
  4784 | D:6      | Reached skill level 10 in Axes
  5765 | D:7      | Found a staircase to the Ecumenical Temple.
  5794 | Temple   | Entered the Ecumenical Temple
  5892 | Temple   | Became a worshipper of Trog the Wrathful
  5964 | D:7      | Reached skill level 11 in Axes
  6022 | D:7      | Gained mutation: You are partially covered in molten
                  | scales. (AC +2) [demonic ancestry]
  6022 | D:7      | Reached XP level 9. HP: 37/61 MP: 9/9
  6720 | D:8      | Lost mutation: Your spells are a little harder to cast, but
                  | a little more powerful. [potion of mutation]
  6720 | D:8      | Lost mutation: You are dopey. (Int -2) [potion of mutation]
  6720 | D:8      | Gained mutation: Armour fits poorly on your strangely
                  | shaped body. [potion of mutation]
  6720 | D:8      | Gained mutation: Your spells are a little harder to cast,
                  | but a little more powerful. [potion of mutation]
  6720 | D:8      | Gained mutation: You are strong-willed. (Will+) [potion of
                  | mutation]
  7045 | D:8      | Found a staircase to the Lair.
  7852 | D:8      | Reached skill level 12 in Axes
  8391 | D:9      | Reached * piety under Trog
  8411 | D:9      | Noticed a centaur warrior
  8419 | D:9      | Killed a centaur warrior
  8420 | D:9      | Reached skill level 13 in Axes
  8517 | D:9      | Noticed a troll
  8522 | D:9      | Killed a troll
  8941 | D:9      | Gained mutation: You are mostly covered in molten scales.
                  | (AC +3) [demonic ancestry]
  8941 | D:9      | Reached XP level 10. HP: 67/67 MP: 8/10
  9126 | Lair:1   | Entered Level 1 of the Lair of Beasts
  9142 | Lair:1   | Noticed a five-headed hydra
  9191 | D:10     | Entered Level 10 of the Dungeon
  9416 | D:10     | Noticed a boulder beetle
  9647 | D:10     | Annihilated by a boulder beetle

Illustrated notes

Levels and vault maps discovered:
D:1:      nzn_arrival_depleted_hourglass, layout_basic
D:2:      layout_loops_ring, shapermc_ecumenical_altar_mp_vishouse,
          chequers_avenue
D:3:      layout_loops_ring, minmay_misc_feat_secret_circle,
          corexii_leaking_fountain, st_stairs_11, kennysheep_cluttered_room,
          minmay_misc_feat_plants
D:4:      layout_basic
D:5:      layout_rooms
D:6:      layout_basic, minitemple, minmay_misc_feat_more_columns
D:7:      layout_loops_corners, minmay_temple_entry_grid, nicolae_grassy_gnolls
D:8:      layout_basic, lair_entry_dummy
D:9:      layout_roguey
D:10:     layout_cave_pods, grunt_tough_drop
D:11:     layout_grid_maze, serial_shops, nicolae_stop_n_shop_2, shop,
          nicolae_diamond_shop, uniq_snorg
Temple:   lightli_temple_of_artemis
Lair:1:   layout_regular_city, lightli_volcano_entry_magma_tube,
          nicolae_quartered_pool_super, minivault_11, uniq_urug

Skill      XL: |  1  2  3  4  5  6  7  8  9 10 |
---------------+-------------------------------+-----
Axes           | 3 4 5 6 7 9 11 13 | 13.5
Fighting       | 3 |  3.9
Throwing       | |  1.7
Dodging        | |  2.6

Action                   |  1- 3 |  4- 6 |  7- 9 | 10-12 || total
-------------------------+-------+-------+-------+-------++-------
Melee: War axe           |    80 |    97 |       |       ||   177
       Punch             |     1 |     1 |     4 |       ||     6
       Tailslap          |       |    13 |    33 |    10 ||    56
       Broad axe         |       |    18 |   235 |    50 ||   303
Throw: Throwing net      |       |     1 |       |     1 ||     2
Invok: Berserk           |       |       |     2 |     2 ||     4
Evoke: Wand              |       |       |       |     5 ||     5
  Use: Potion            |       |     7 |     1 |     1 ||     9
       Scroll            |       |       |       |     9 ||     9
 Stab: Held in net/web   |       |     2 |       |       ||     2
Armor: Ring mail         |    21 |       |       |       ||    21
       Scale mail        |    13 |    34 |    75 |    14 ||   136
Dodge: Dodged            |    40 |    61 |   183 |    17 ||   301
Block: Other             |     8 |    22 |    47 |     8 ||    85
